 Dungeon Crawl Stone Soup version 0.26-a0-812-g31a745ddcd (webtiles) character file.

Game seed: 16361239997108308141

378 marklar909 the Ruffian (level 6, 0/48 HPs)
             Began as a Draconian Transmuter on Nov 14, 2020.
             Slain by a wraith (4 damage)
             ... in an ossuary.
             The game lasted 00:07:08 (4044 turns).

marklar909 the Ruffian (Draconian Transmuter)       Turns: 4044, Time: 00:07:09

Health: 0/48       AC:  6    Str: 14    XL:     6   Next: 45%
Magic:  6/10       EV: 13    Int: 14    God:
Gold:   139        SH:  0    Dex: 11    Spells: 7/11 levels left

rFire    . . .     SeeInvis .     - Unarmed
rCold    . . .     Faith    .   (no shield)
rNeg     . . .     Spirit   .   (armour unavailable)
rPois    .         Reflect  .   (helmet restricted)
rElec    .         Harm     .   (no cloak)
rCorr    .         Rampage  .   (no gloves)
MR       .....                  (no boots)
Stlth    +.........             (no amulet)
HPRegen  0.16/turn              (no ring)
MPRegen  0.12/turn              (no ring)

@: very slightly contaminated, slowed, invisible, very slow
A: unfitting armour, cold-blooded, AC +6
a: no special abilities


You were in an ossuary.
You visited 1 branch of the dungeon, and saw 4 of its levels.
You also visited: Ossuary.

You collected 139 gold pieces.

Inventory:

Jewellery
 l - a cursed amulet of inaccuracy {unknown}
Wands
 s - a wand of polymorph (9)
Scrolls
 a - 3 scrolls of teleportation
 b - 2 scrolls of blinking
 e - a scroll of identify
 f - 2 scrolls of amnesia
 g - 2 scrolls of enchant armour {unknown}
 i - 3 scrolls of magic mapping {unknown}
 n - a scroll of enchant weapon {unknown}
 q - a scroll of fog {unknown}
 t - 2 scrolls of remove curse {unknown}
 u - a scroll of noise {unknown}
Potions
 d - a potion of invisibility
 j - 3 potions of flight
 k - a potion of brilliance {unknown}
 m - a potion of ambrosia {unknown}
 o - a potion of degeneration {unknown}
 p - 2 potions of mutation {unknown}
 r - a potion of berserk rage {unknown}


   Skills:
 * Level 2.1 Fighting
 * Level 3.1 Dodging
 + Level 0.8 Stealth
 + Level 4.4 Unarmed Combat
 + Level 3.3 Spellcasting
 + Level 3.3 Transmutations
 * Level 1.5 Poison Magic


You had 7 spell levels left.
You knew the following spells:

 Your Spells              Type           Power        Failure   Level
a - Beastly Appendage     Tmut           ##....       5%          1
b - Spider Form           Tmut/Pois      #.........   22%         3

Your spell library contained the following spells:

 Spells                   Type           Power        Failure   Level
 Wereblood                Tmut           ##......     8%          2
 Ice Form                 Ice/Tmut       #.......     71%         4
 Blade Hands              Tmut           ##........   82%         5


Dungeon Overview and Level Annotations

Branches:
Dungeon (4/15)            Ossuary (1/1)
 Temple: D:4-7

Altars:
Nemelex Xobeh
The Shining One


Innate Abilities, Weirdness & Mutations

Your plain brown scales are hard. (AC +6)
You cannot fit into any form of body armour.
You are cold-blooded and may be slowed by cold attacks.


Message History

Unknown command.
You hit the wraith but do no damage.
The wraith is severely damaged.
The wraith completely misses you.
Unknown command.
You bite the wraith!
The wraith is almost destroyed.
Your transformation has ended.
The wraith hits you!
* * * LOW HITPOINT WARNING * * *
The wraith misses you.
Unknown command.
You fade into invisibility!
The wraith misses you.
You are very lightly contaminated with residual magic.
Unknown command.
You hit the wraith but do no damage.
The wraith is severely damaged.
The wraith hits you.
You die...

.....#.#.............#
.^...................#
####.....####..####..#
#.'...8...'.#...+ #..#
####.....####..####..#
...................^.#
.....#.#.......^.....#
.....#'#.......####..#
.8...#.#...8...W@"#..#
.....###.......####..#
.....................#
#.#..#.#..#.#...^....#
#'#..#'#..#'#..####..#
#.#..#.#..#.#...'.#..#
###..###..###..####..#
.....................#
...^.................#


You could see a wraith.

Vanquished Creatures
  2 elf zombies (Ossuary)
  An orc wizard (D:3)
  A bullfrog skeleton (D:2)
  Jessica (D:2)
  Ijyb (D:3)
  2 mummies (Ossuary)
  3 adders
  An adder skeleton (D:4)
  A worm (D:2)
  6 dart slugs
  A leopard gecko (D:4)
  2 orcs (D:3)
  A ball python (D:3)
  6 bats
  6 giant cockroaches
  5 goblins
  8 hobgoblins
  A jackal (D:1)
  2 quokkas
  4 frilled lizards
  6 goblin zombies (Ossuary)
  4 hobgoblin zombies
  4 kobolds
  12 rats
81 creatures vanquished.

Notes
Turn   | Place    | Note
-------+----------+-------------------------------------------
     0 | D:1      | marklar909 the Draconian Transmuter began the quest for the
                  | Orb.
     0 | D:1      | Reached XP level 1. HP: 16/16 MP: 3/3
   241 | D:1      | Reached XP level 2. HP: 20/23 MP: 3/5
   882 | D:2      | Reached XP level 3. HP: 28/28 MP: 4/6
   893 | D:2      | Learned a level 3 spell: Spider Form
  1184 | D:2      | Reached XP level 4. HP: 31/35 MP: 5/7
  1837 | D:2      | Found a sparkling altar of Nemelex Xobeh.
  2104 | D:3      | Noticed Jessica
  2109 | D:2      | Killed Jessica
  2142 | D:3      | Reached XP level 5. HP: 31/40 MP: 9/9
  2291 | D:3      | Reached skill level 4 in Unarmed Combat
  2502 | D:3      | Noticed Ijyb
  2558 | D:3      | Found a glowing golden altar of the Shining One.
  2666 | D:3      | Killed Ijyb
  2899 | D:3      | Noticed a hornet
  3069 | D:4      | Found a sand-covered staircase.
  3086 | Ossuary  | Entered an ossuary
  3086 | Ossuary  | Noticed a wraith
  3086 | Ossuary  | Noticed a wraith
  3086 | Ossuary  | Noticed a wraith
  3234 | Ossuary  | Reached skill level 1 in Poison Magic
  3234 | Ossuary  | Reached XP level 6. HP: 15/48 MP: 8/10
  3815 | Ossuary  | Noticed a wraith
  4044 | Ossuary  | Slain by a wraith

Illustrated notes

Levels and vault maps discovered:
D:1:      matt_arrival_grand_opening, layout_basic, minmay_crystal_room,
          minmay_octomino_j4
D:2:      layout_basic, nemelex_altar_shiori
D:3:      layout_loops_cross, old_standard_altar, uniq_jessica, uniq_ijyb
D:4:      layout_cave_pools, minmay_temple_entry_sparse_star, enter_ossuary_3,
          serial_shops, nicolae_shop_statue_plus
Ossuary:  ossuary_kennysheep_city_of_the_dead

Skill      XL: |  1  2  3  4  5  6 |
---------------+-------------------+-----
Dodging        | 2 3 |  3.1
Spellcasting   | 3 |  3.3
Transmutations | 3 |  3.3
Unarmed Combat | 4 |  4.4
Poison Magic   | 1 |  1.5
Fighting       | 2 |  2.1
Stealth        | |  0.8

Action                   |  1- 3 |  4- 6 || total
-------------------------+-------+-------++-------
Melee: Unarmed           |    73 |   255 ||   328
       Headbutt          |     4 |    25 ||    29
       Kick              |    11 |    42 ||    53
       Tailslap          |     6 |    22 ||    28
       Punch             |     1 |     1 ||     2
 Cast: Beastly Appendage |    19 |    37 ||    56
       Spider Form       |       |     2 ||     2
  Use: Scroll            |       |     7 ||     7
       Potion            |       |     7 ||     7
 Stab: Sleeping          |     1 |     2 ||     3
Armor: Skin              |    17 |    72 ||    89
Dodge: Dodged            |    47 |   173 ||   220

Table legend: (Time is in decaauts)
 A = Elapsed time spent in this place.
 B = Non-inter-level travel time spent in this place.
 C = Inter-level travel time spent in this place.
 D = Time resting spent in this place.
 E = Time spent auto-exploring this place.
 F = Levels seen in this place.
 G = Mean time per level.
                   A        B        C        D        E       F      G
               +--------+--------+--------+--------+--------+-----+--------+
         Total |   4058 |   4022 |     36 |    191 |   2978 |   5 |  811.6 |
       Dungeon |   3056 |   3020 |     36 |     36 |   2438 |   4 |  764.0 |
       Ossuary |   1002 |   1002 |      0 |    155 |    540 |   1 | 1002.0 |
               +--------+--------+--------+--------+--------+-----+--------+

Top non-repeatable levels by time:
     D:2: 1327 daAuts
 Ossuary: 1002 daAuts
     D:1: 793 daAuts
     D:3: 788 daAuts
     D:4: 147 daAuts
